 Dungeon Crawl Stone Soup version 0.27-a0-681-g0c81a3c1c3 (webtiles) character file.

Game seed: 4770171187493767923

87 pokeman the Magician (level 4, -2/25 HPs)
             Began as a Deep Elf Hedge Wizard on Mar 19, 2021.
             Slain by a gnoll
             ... wielding a +0 flail
              (10 damage)
             ... on level 2 of the Dungeon.
             The game lasted 00:05:09 (2369 turns).

pokeman the Magician (Deep Elf Hedge Wizard)        Turns: 2369, Time: 00:05:10

Health: -2/25      AC:  5    Str:  7    XL:     4   Next: 28%
Magic:  11/22      EV: 12    Int: 20    God:
Gold:   49         SH:  0    Dex: 14    Spells: 3/14 levels left

rFire    + . .     SeeInvis .   k - +2 dagger (venom)
rCold    . . .     Faith    .   (no shield)
rNeg     . . .     Spirit   .   e - +0 leather armour
rPois    .         Reflect  .   a - +0 helmet
rElec    .         Harm     .   c - +0 cloak
rCorr    .         Rampage  .   (no gloves)
Will     .....                  (no boots)
Stlth    ++........             (no amulet)
HPRegen  0.08/turn              d - ring of protection from fire
MPRegen  0.18/turn              f - ring of magical power

@: very slightly contaminated
A: no striking features
a: no special abilities


You were on level 2 of the Dungeon.
You visited 1 branch of the dungeon, and saw 3 of its levels.

You collected 49 gold pieces.

Inventory:

Hand Weapons
 k - a +2 dagger of venom (weapon)
Missiles
 g - 22 arrows
Armour
 a - a +0 helmet (worn)
 c - a +0 cloak (worn)
 e - a +0 leather armour (worn)
Jewellery
 d - a ring of protection from fire (right hand)
 f - a ring of magical power (left hand)
Scrolls
 b - a scroll of identify {unknown}
 l - a scroll of immolation {unknown}
 n - a scroll of acquirement {unknown}
 o - a scroll of teleportation {unknown}
Potions
 h - a potion of brilliance {unknown}
 i - a potion of invisibility {unknown}
 j - a potion of heal wounds {unknown}
 m - a potion of curing {unknown}
 p - a potion of ambrosia {unknown}
 q - a potion of cancellation {unknown}


   Skills:
 - Level 1.0 Fighting
 - Level 1.0 Armour
 + Level 2.7 Dodging
 - Level 2.4 Stealth
 * Level 5.7 Spellcasting
 + Level 2.1 Conjurations
 - Level 1.1 Summonings
 - Level 1.1 Translocations
 + Level 0.5 Fire Magic


You had 3 spell levels left.
You knew the following spells:

 Your Spells              Type           Power      Damage    Failure   Level
a - Magic Dart            Conj           56%        1d5       7%          1
b - Mephitic Cloud        Conj/Pois/Air  8%         N/A       34%         3
c - Call Imp              Summ           10%        N/A       16%         2
d - Blink                 Tloc           N/A        N/A       16%         2
e - Conjure Flame         Conj/Fire      11%        6-21      26%         3

Your spell library contained the following spells:

 Spells                   Type           Power      Damage    Failure   Level
 Slow                     Hex            5%         N/A       24%         2


Dungeon Overview and Level Annotations

Branches:
Dungeon (3/15)

Altars:


Message History

Confirm with . or Enter, or press ? or * to list all spells.
The spell is extremely dangerous to cast (34% risk of failure)!
Continue anyway?
Aiming: Mephitic Cloud (extremely dangerous; 34% risk of failure)
Press: ? - help, Shift-Dir - straight line, f - goblin
Aim: a goblin (chance to affect: 96%)
You miscast Mephitic Cloud.
You are very lightly contaminated with residual magic.
Sparks fly from your hands!
Ouch! That really hurt!
Casting: Mephitic Cloud (extremely dangerous; 34% risk of failure)
Confirm with . or Enter, or press ? or * to list all spells.
Aiming: Magic Dart (safe; 7% risk of failure)
Press: ? - help, Shift-Dir - straight line, f/p - goblin
Aim: a goblin (0% to evade)
The magic dart hits the goblin.
The goblin is severely wounded.
You hit the goblin.
You kill the goblin!
Casting: Magic Dart (safe; 7% risk of failure)
Confirm with . or Enter, or press ? or * to list all spells.
The spell is extremely dangerous to cast (34% risk of failure)!
Continue anyway?
Aiming: Mephitic Cloud (extremely dangerous; 34% risk of failure)
Press: ? - help, Shift-Dir - straight line, f - gnoll
Aim: a gnoll, wielding a +0 halberd (chance to affect: 91%)
The ball explodes into a vile cloud!
The stinking cloud engulfs the gnoll but does no damage. x2
You hear an angry hiss.
The gnoll is engulfed in noxious fumes.
The gnoll appears confused.
The gnoll is engulfed in noxious fumes.
The gnoll appears confused.
Unknown command.
You hit the gnoll.
The gnoll is moderately wounded.
The gnoll hits the gnoll with a +0 halberd.
The gnoll is engulfed in noxious fumes.
The gnoll appears confused.
The gnoll hits the gnoll with a +0 flail!
The gnoll is killed!
A quokka comes into view.
A hobgoblin comes into view.
The gnoll hits you with a +0 flail!
You die...

#...# #.# .
.rgw#######
...rg.g@..#
....#####.#
. #.###
#...#
####.####
#.......#
####.##.##.#
#..>.##.# #
#.#.....#


You could see a worm, 2 gnolls, a quokka (wandering), a hobgoblin and a rat.

Vanquished Creatures
  2 gnolls (D:2)
  A worm (D:2)
  2 dart slugs
  4 leopard geckos
  7 bats
  3 giant cockroaches
  4 hobgoblins
  4 jackals
  9 kobolds
  A quokka (D:1)
  3 frilled lizards (D:1)
  8 goblins
  12 rats
60 creatures vanquished.

Notes
Turn   | Place    | Note
-------+----------+-------------------------------------------
     0 | D:1      | pokeman the Deep Elf Hedge Wizard began the quest for the
                  | Orb.
     0 | D:1      | Reached XP level 1. HP: 10/10 MP: 7/7
   143 | D:1      | Reached XP level 2. HP: 16/16 MP: 2/9
   601 | D:1      | Reached skill level 5 in Spellcasting
   924 | D:1      | Reached XP level 3. HP: 20/20 MP: 11/11
   929 | D:1      | Learned a level 3 spell: Mephitic Cloud
   934 | D:1      | Learned a level 2 spell: Call Imp
   937 | D:1      | Learned a level 2 spell: Blink
   941 | D:1      | Learned a level 3 spell: Conjure Flame
  1562 | D:2      | Reached skill level 1 in Fighting
  1767 | D:2      | Reached skill level 1 in Armour
  2136 | D:2      | You fall into a shaft and drop 1 floor!
  2164 | D:2      | Reached XP level 4. HP: 12/25 MP: 13/13
  2369 | D:2      | Slain by a gnoll

Illustrated notes

Levels and vault maps discovered:
D:1:      heliophobic_arrival_battle_scene, layout_basic, minmay_pentomino_w4
D:2:      layout_loops_cross
D:3:      layout_loops_corners, marbit_many_paths, minitemple,
          gammafunk_ghost_arena, minmay_close_crescents

Skill      XL: |  1  2  3 |
---------------+----------+-----
Spellcasting   | 5 |  5.7
Fighting       | 1 |  1.0
Armour         | 1 |  1.0
Conjurations   | 2 |  2.1
Dodging        | |  2.7
Stealth        | |  2.4
Summonings     | |  1.1
Translocations | |  1.1
Fire Magic     | |  0.5

Action                   |  1- 3 |  4- 6 || total
-------------------------+-------+-------++-------
Melee: Dagger            |    41 |     7 ||    48
 Cast: Magic Dart        |   107 |     2 ||   109
       Mephitic Cloud    |     1 |     3 ||     4
Armor: Leather armour    |    15 |     2 ||    17
Dodge: Dodged            |    30 |     1 ||    31

Table legend: (Time is in decaauts)
 A = Elapsed time spent in this place.
 B = Non-inter-level travel time spent in this place.
 C = Inter-level travel time spent in this place.
 D = Time resting spent in this place.
 E = Time spent auto-exploring this place.
 F = Levels seen in this place.
 G = Mean time per level.
                   A        B        C        D        E       F      G
               +--------+--------+--------+--------+--------+-----+--------+
         Total |   2367 |   2337 |     30 |    180 |   1828 |   3 |  789.0 |
       Dungeon |   2367 |   2337 |     30 |    180 |   1828 |   3 |  789.0 |
               +--------+--------+--------+--------+--------+-----+--------+

Top non-repeatable levels by time:
     D:1: 1433 daAuts
     D:2: 912 daAuts
     D:3: 21 daAuts
